 Dungeon Crawl Stone Soup version 0.30.1-11-g7821555f0a (webtiles) character file.

Game seed: 4229486240692566363

2083 pkoi the Carver (level 9, -4/72 HPs)
             Began as a Minotaur Gladiator on Oct 27, 2023.
             Killed from afar by Pikel (6 damage)
             ... with a bolt of dispelling energy
             ... on level 7 of the Dungeon.
             The game lasted 00:08:13 (6766 turns).

pkoi the Carver (Minotaur Gladiator)                Turns: 6766, Time: 00:08:14

Health: -4/72      AC:  5    Str: 27    XL:     9   Next: 6%
Magic:  8/8        EV: 13    Int:  5    God:
Gold:   203        SH:  0    Dex: 14    Spells: 8/8 levels left

rFire   . . .        g - +0 long sword (heavy)
rCold   . . .        (no shield)
rNeg    . . .        b - +0 leather armour
rPois   .            c - +1 hat
rElec   .            (no cloak)
rCorr   .            x - +0 pair of gloves
SInv    .            (no boots)
Will    .....        (no amulet)
Stlth   +            m - +6 ring of strength
HPRegen 0.32/turn    (no ring)
MPRegen 0.11/turn

%: no passive effects
@: no status effects
A: horns 2, retaliatory headbutt
a: no special abilities


You were on level 7 of the Dungeon.
You visited 1 branch of the dungeon, and saw 7 of its levels.

You collected 455 gold pieces.
You spent 252 gold pieces at shops.

Inventory:

Hand Weapons
 a - a +0 war axe
 g - a +0 heavy long sword (weapon)
 o - a +0 short sword of electrocution
Missiles
 d - 6 throwing nets (quivered)
 e - a javelin
Armour
 b - a +0 leather armour (worn)
 c - a +1 hat (worn)
 x - a +0 pair of gloves (worn)
Jewellery
 k - a ring of fire
 m - a +6 ring of strength (left hand)
Wands
 l - a wand of mindburst (5)
 r - a wand of roots (14)
 y - a wand of charming (6)
Scrolls
 h - a scroll of enchant armour
 i - a scroll of fog
 p - 3 scrolls of identify
 q - a scroll of amnesia
 s - a scroll of brand weapon
 u - a scroll of fear
 v - a scroll of teleportation
Potions
 f - 2 potions of heal wounds
 j - a potion of might
 n - a potion of curing
 w - 2 potions of cancellation {unknown}


   Skills:
 - Level 4.7 Fighting
 + Level 10.8 Long Blades
 - Level 6.8 Axes
 - Level 2.0 Throwing
 - Level 3.8 Armour
 - Level 5.0 Dodging


You had 8 spell levels left.
You didn't know any spells.
Your spell library contained the following spells:

 Spells                   Type           Power      Damage    Failure   Level
 Kiss of Death            Conj/Necr      0%         2d5       52%         1
 Magic Dart               Conj           0%         1d3       52%         1
 Sandblast                Erth           0%         2d4       52%         1
 Call Imp                 Summ           0%         N/A       65%         2
 Passwall                 Tmut/Erth      0%         N/A       65%         2
 Call Canine Familiar     Summ           0%         N/A       87%         3
 Confusing Touch          Hex            0%         N/A       87%         3
 Mephitic Cloud           Conj/Pois/Air  0%         N/A       87%         3
 Ozocubu's Armour         Ice            0%         N/A       87%         3
 Portal Projectile        Hex/Tloc       0%         N/A       87%         3
 Stone Arrow              Conj/Erth      0%         3d7       87%         3
 Volatile Blastmotes      Fire/Tloc      0%         2d10      87%         3
 Dispel Undead            Necr           0%         3d6       99%         4
 Fulminant Prism          Conj/Hex       0%         3d5       99%         4
 Iskenderun's Mystic Bla  Conj/Tloc      0%         2d3       99%         4
 Leda's Liquefaction      Hex/Erth       0%         N/A       99%         4
 Lee's Rapid Deconstruct  Erth           0%         3d4*      100%        5
 Ozocubu's Refrigeration  Ice            0%         4d7       100%        7


Dungeon Overview and Level Annotations

Branches:
Dungeon (7/15)             Temple (0/1) D:6

Altars:
Ashenzari
Hepliaklqana
Qazlal
Ru
Zin

Shops:
D:5 (   D:6 ?

Annotations:
D:2 1 runed translucent door, Crazy Yiuf
D:5 4 runed translucent doors
D:7 Pikel


Innate Abilities, Weirdness & Mutations

You have a pair of horns on your head.
You reflexively headbutt those who attack you in melee.


Message History

* * * LOW HITPOINT WARNING * * *
Pikel burns you.
* * * LOW HITPOINT WARNING * * *
Unknown command.
The lemure attacks as you move away! The lemure hits you but does no damage.
Blink to where?
Press: ? - help, Dir - move target, p - Pikel
As you read the scroll of blinking, it crumbles to dust.
Pikel rages.
Aiming: Fastroot
Press: ? - help, Shift-Dir - straight line, f - Pikel
Aim: Pikel, wielding a +1 whip of flaming, wearing a +0 robe and carrying a wand of quicksilver (9) (moderately wounded, berserk)
The roots erupt in riotous growth!
Roots grab Pikel.
The grasping roots constrict Pikel.
Pikel struggles to escape constriction. x2
Unknown command.
The grasping roots constrict Pikel.
The roots release their grip on Pikel.
Aiming: Fastroot
Press: ? - help, Shift-Dir - straight line, f/p - Pikel
Aim: Pikel, wielding a +1 whip of flaming, wearing a +0 robe and carrying a wand of quicksilver (9) (heavily wounded, berserk)
The roots erupt in riotous growth!
Roots grab Pikel.
The grasping roots constrict Pikel, but do no damage.
Pikel is no longer berserk.
Pikel zaps a wand.
The bolt of dispelling energy misses you.
Unknown command.
The grasping roots constrict Pikel!
The roots release their grip on Pikel.
You hit Pikel.
Pikel is severely wounded.
Pikel barely misses you.
You hit Pikel.
Pikel is almost dead.
Pikel hits you with a +1 whip of flaming!
* * * LOW HITPOINT WARNING * * *
Pikel burns you.
* * * LOW HITPOINT WARNING * * *
You miss Pikel. Your headbutt misses Pikel.
Pikel is severely wounded.
Pikel zaps a wand.
The bolt of dispelling energy hits you.
You die...

#.......####....#..##......#
#####...........#..###'##...
+...........#.......#...
#...........+.......#...
#...........#'###...#...
...#+###.........########
....#...#.........#
.....+...'.........#
.....#####@5.......# #####
#...5K5.####### .....
#....5..# ..... #.......#
..... +.......# '.....
#.......#######'#.....
#.....####...........#
#.....#..+..5........#
#.....'..#.55........#


You could see Pikel (slow) and 4 lemures.

Vanquished Creatures
  Grinder (D:4)
  A wraith (D:5)
  A black bear (D:4)
  An ice beast (D:6)
  3 centaurs
  An ogre (D:6)
  2 phantoms
  A kobold brigand (D:5)
  3 scorpions
  A howler monkey (D:6)
  2 gnoll boudas (D:5)
  4 hounds
  2 sleepcaps
  4 iguanas (D:5)
  Ijyb (D:4)
  5 orc wizards
  Robin (D:2)
  12 gnolls
  7 adders
  A shadow imp (D:6)
  A white imp (D:5)
  An ufetubus (D:5)
  7 dart slugs
  16 orcs
  9 ball pythons
  3 bats
  6 endoplasms
  24 goblins
  7 hobgoblins
  3 jackals (D:1)
  5 quokkas
  A frilled lizard (D:3)
  9 kobolds
  5 rats
151 creatures vanquished.

Notes
Turn   | Place    | Note
-------+----------+-------------------------------------------
     0 | D:1      | pkoi the Minotaur Gladiator began the quest for the Orb.
     0 | D:1      | Reached XP level 1. HP: 18/18 MP: 0/0
   171 | D:1      | Reached XP level 2. HP: 19/25 MP: 1/1
   311 | D:1      | Reached skill level 1 in Armour
   625 | D:1      | Found a faded altar of an unknown god.
   864 | D:2      | Reached XP level 3. HP: 30/30 MP: 2/2
  1198 | D:2      | Noticed Robin
  1225 | D:2      | Reached XP level 4. HP: 27/38 MP: 3/3
  1228 | D:2      | Killed Robin
  1443 | D:2      | Found a runed translucent door.
  1444 | D:2      | Noticed Crazy Yiuf
  1907 | D:3      | Found the +6 lightning scales {swift, rElec}
  2086 | D:3      | Found a broken altar of Ashenzari.
  2094 | D:3      | Reached skill level 5 in Axes
  2431 | D:4      | Noticed Grinder
  2432 | D:4      | Noticed a scorpion
  2439 | D:4      | Killed a scorpion
  2440 | D:4      | Reached XP level 5. HP: 21/46 MP: 4/4
  2442 | D:4      | Killed Grinder
  2443 | D:4      | Reached XP level 6. HP: 8/52 MP: 5/5
  2972 | D:4      | Noticed Ijyb
  2978 | D:4      | Killed Ijyb
  2979 | D:4      | Reached XP level 7. HP: 45/60 MP: 6/6
  2988 | D:4      | Reached skill level 5 in Dodging
  3321 | D:5      | Entered Level 5 of the Dungeon
  3335 | D:5      | Found Xagh's Weapon Emporium.
  3415 | D:5      | Reached skill level 1 in Long Blades
  3459 | D:5      | Reached skill level 2 in Long Blades
  3472 | D:5      | Reached skill level 3 in Long Blades
  3514 | D:5      | Reached skill level 4 in Long Blades
  3811 | D:5      | Reached skill level 5 in Long Blades
  4026 | D:5      | Found a sacrificial altar of Ru.
  4087 | D:5      | Found a large runed translucent door.
  4087 | D:5      | Found a large runed translucent door.
  4095 | D:5      | Noticed a shadow
  4125 | D:5      | Reached skill level 6 in Long Blades
  4125 | D:5      | Reached XP level 8. HP: 61/67 MP: 7/7
  4334 | D:5      | Found a large runed translucent door.
  4334 | D:5      | Found a large runed translucent door.
  4415 | D:5      | Found a stormy altar of Qazlal.
  4636 | D:5      | Reached skill level 7 in Long Blades
  4642 | D:5      | Reached skill level 8 in Long Blades
  4744 | D:6      | Found Nefuih's Magic Scroll Shop.
  4751 | D:6      | Bought a scroll of blinking for 90 gold pieces
  4751 | D:6      | Bought a scroll of brand weapon for 114 gold pieces
  4751 | D:6      | Bought a scroll of fear for 48 gold pieces
  5013 | D:6      | Reached skill level 9 in Long Blades
  5051 | D:6      | Found a staircase to the Ecumenical Temple.
  5758 | D:6      | Found a glowing silver altar of Zin.
  5758 | D:6      | Found a hazy altar of Hepliaklqana.
  5867 | D:5      | Reached skill level 10 in Long Blades
  6651 | D:7      | Reached XP level 9. HP: 72/72 MP: 8/8
  6739 | D:7      | Noticed Pikel
  6765 | D:7      | HP: 3/72 [Pikel/+1 whip of flaming (7)]
  6766 | D:7      | Killed from afar by Pikel

Illustrated notes

Levels and vault maps discovered:
D:1:      wander_arrival_fairy_ring, layout_basic,
          dreamdust_ecumenical_altar_grove
D:2:      layout_basic, uniq_robin, uniq_crazy_yiuf_cottage
D:3:      layout_rooms, cheibrodos_ashenzari_chains
D:4:      layout_rooms, uniq_grinder, uniq_ijyb
D:5:      layout_rooms, grunt_qazlal_sundering,
          mainiacjoe_overflow_concentric_impassable, serial_shops,
          nicolae_shop_back_alley_shop, chequers_serial_rivers_room_b,
          abandoned_shop, minmay_hollow_rounded_squares
D:6:      layout_layer_cave, chequers_temple_overflow_statue_of_worship,
          minmay_temple_entry_junction_2, serial_shops,
          nicolae_shop_statue_plus, st_stairs_10, minivault_11,
          hangedman_decor_push
D:7:      layout_gridville, enter_bailey_3, uniq_pikel

Skill      XL: |  1  2  3  4  5  6  7  8 |
---------------+-------------------------+-----
Axes           | 4 5 6 |  6.8
Armour         | 1 2 3 |  3.8
Fighting       | 3 4 |  4.7
Dodging        | 4 5 |  5.0
Long Blades    | 6 10 | 10.8
Throwing       | |  2.0

Action                     |  1- 3 |  4- 6 |  7- 9 || total
---------------------------+-------+-------+-------++-------
  Melee: War axe           |    87 |    87 |     5 ||   179
         Headbutt          |    10 |    12 |    36 ||    58
         Short sword       |       |       |   126 ||   126
         Long sword        |       |       |    80 ||    80
         Punch             |       |       |     6 ||     6
  Evoke: Wand              |       |     3 |     5 ||     8
    Use: Potion            |     1 |     1 |     2 ||     4
         Scroll            |       |     6 |     4 ||    10
 Armour: Leather armour    |    29 |    29 |    58 ||   116
  Dodge: Dodged            |    80 |    52 |   177 ||   309
